 Dungeon Sprint DCSS version 0.30.1 (webtiles) character file.

Game seed: 2170779811729007722

824 Groucho the Covert (level 7, -7/37 HPs)
             Began as a Spriggan Enchanter on July 9, 2023.
             Was a High Priest of Sif Muna.
             Mangled by an orc knight
             ... wielding a +0 battleaxe
              (18 damage)
             ... in the Dungeon (Sprint VII: "The Pits").
             The game lasted 00:04:50 (945 turns).

Groucho the Covert (Spriggan Enchanter)              Turns: 945, Time: 00:04:50

Health: -7/37      AC:  2    Str:  4    XL:     7   Next: 64%
Magic:  7/21       EV: 22    Int: 16    God:    Sif Muna [*****.]
Gold:   0          SH:  0    Dex: 18    Spells: 15/25 levels left

rFire   . . .        a - +2 dagger
rCold   . . .        (no shield)
rNeg    . . .        b - +0 robe
rPois   .            (helmet restricted)
rElec   .            (no cloak)
rCorr   .            (gloves unavailable)
SInv    +            (boots unavailable)
Will    +....        (no amulet)
Stlth   +++++        (no ring)
HPRegen 0.26/turn    (no ring)
MPRegen 0.17/turn

%: no teleportation
@: confusing by touch, very quick
A: very small, no large weapons, unfitting armour, see invisible, speed 3
a: Renounce Religion, Channel Magic, Forget Spell, Divine Exegesis


You were in the Dungeon.
You worshipped Sif Muna.
Sif Muna was extremely pleased with you.
You visited 1 branch

Inventory:

Hand Weapons
 a - a +2 dagger (weapon)
Armour
 b - a +0 robe (worn)
Scrolls
 i - a scroll of blinking
 j - 5 scrolls of amnesia
 k - a scroll of butterflies
Potions
 c - 4 potions of invisibility
 d - 6 potions of curing
 e - 4 potions of heal wounds
 f - a potion of haste
 g - 3 potions of magic
 h - 3 potions of berserk rage


   Skills:
 + Level 4.2 Fighting
 * Level 8.3 Short Blades
 + Level 7.4 Dodging
 * Level 12.4 Stealth
 * Level 9.5 Spellcasting
 * Level 9.8 Hexes


You had 15 spell levels left.
You knew the following spells:

 Your Spells              Type           Power      Damage    Failure   Level
a - Ensorcelled Hibernat  Hex/Ice        46%        N/A       1%          2
b - Confusing Touch       Hex            39%        N/A       1%          3
c - Dazzling Flash        Conj/Hex       46%        N/A       3%          3
d - Blink                 Tloc           14%        N/A       14%         2

Your spell library contained the following spells:

 Spells                   Type           Power      Damage    Failure   Level
 Tukima's Dance           Hex            39%        N/A       1%          3
 Manifold Assault         Tloc           7%         N/A       67%         4
 Storm Form               Tmut/Air       3%         N/A       100%        7


Dungeon Overview and Level Annotations

Branches:
Dungeon (1/1)

Altars:
Ashenzari
Cheibriados
Dithmenos
Elyvilon
Fedhas
Gozag
Hepliaklqana
Kikubaaqudgha
Makhleb
Nemelex Xobeh
Okawaru
Qazlal
Ru
Sif Muna
Trog
Uskayaw
Vehumet
Wu Jian
Xom
Yredelemnul
Zin
The Shining One
Jiyva
Lugonu


Innate Abilities, Weirdness & Mutations

You are very small and have problems with some larger weapons.
You are too small for most types of armour.
You have supernaturally acute eyesight. (SInv)
You cover ground extremely quickly. (Speed+++)


Message History

The orc priest resists with significant effort.
The orc knight shouts!
The orc priest completely misses you.
Unknown command.
Casting: Ensorcelled Hibernation (safe; 1% risk of failure)
Confirm with . or Enter, or press ? or * to list all spells.
Aiming: Ensorcelled Hibernation (safe; 1% risk of failure)
Press: ? - help, Shift-Dir - straight line, f/p - orc priest
Aim: an orc priest, wielding a +0 whip and wearing a +0 leather armour (strong, chance to affect: 55%)
The orc priest resists with significant effort.
The orc knight hits the orc priest with a +0 battleaxe!
The orc knight hits you with a +0 battleaxe!
* * * LOW HITPOINT WARNING * * *
The orc priest looks satisfied for a moment.
Unknown command.
Unknown command.
Casting: Ensorcelled Hibernation (safe; 1% risk of failure)
Confirm with . or Enter, or press ? or * to list all spells.
Aiming: Ensorcelled Hibernation (safe; 1% risk of failure)
Press: ? - help, Shift-Dir - straight line, f/p - orc priest
Aim: an orc priest, wielding a +0 whip and wearing a +0 leather armour (almost dead, strong, chance to affect: 55%)
The orc priest looks drowsy...
The helpless orc priest fails to defend itself.
You perforate the orc priest like a sieve!!!!
You kill the orc priest!
Sif Muna accepts your kill.
The orc knight seems less confused.
Unknown command.
Unknown command.
You hit the orc knight but do no damage.
The orc knight is moderately wounded.
Casting: Ensorcelled Hibernation (safe; 1% risk of failure)
Confirm with . or Enter, or press ? or * to list all spells.
Your hands begin to glow red.
You hit the orc knight but do no damage.
The orc knight is moderately wounded.
You completely miss the orc knight.
The orc knight is moderately wounded.
The orc knight hits you with a +0 battleaxe!!
You die...

############
#_________.#
#_________.#
#_______...###########+
##########'##..........
#.?(.')))).##......#..#
##########.##..........
#)†..o@....)'..........
#)#####'#####......#..#
#.#..#...'.##..........
#.#..#÷..#.#####'#####+
#.#..#####.##.......#
#.#..'..÷#.##.......#
#)#..'÷..'.##.......#
#)#..########...<...#
#)#..'[))).##.......#


You could see an orc knight.

Vanquished Creatures
  A flying skull (D)
  A warg (D)
  2 floating eyes (D)
  A necrophage (D)
  3 wights (D)
  An orc priest (D)
  An orc wizard (D)
  A gnoll (D)
  2 adders (D)
  A river rat (D)
  A white imp (D)
  2 ufetubi (D)
  4 orcs (D)
  An endoplasm (D)
  A goblin (D)
  A hobgoblin (D)
  2 jackals (D)
  A quokka (D)
  A bat (D)
  A frilled lizard (D)
29 creatures vanquished.

Notes
Turn   | Place    | Note
-------+----------+-------------------------------------------
     0 | D        | Groucho the Spriggan Enchanter began the quest for the Orb.
     0 | D        | Reached XP level 1. HP: 9/9 MP: 5/5
     9 | D        | Noticed a floating eye
    13 | D        | Paralysed by a floating eye for 4 turns
    20 | D        | Killed a floating eye
    21 | D        | Reached skill level 7 in Stealth
    21 | D        | Reached skill level 5 in Spellcasting
    21 | D        | Reached skill level 5 in Hexes
    21 | D        | Reached XP level 2. HP: 15/15 MP: 6/9
    21 | D        | Reached XP level 3. HP: 18/18 MP: 6/10
    21 | D        | Reached XP level 4. HP: 23/23 MP: 7/12
    48 | D        | Found a bloodstained altar of Trog.
    48 | D        | Found a shimmering blue altar of Sif Muna.
    48 | D        | Found a viscous altar of Jiyva.
    48 | D        | Found a hazy altar of Hepliaklqana.
    48 | D        | Found an opulent altar of Gozag.
    49 | D        | Found a glowing golden altar of the Shining One.
    49 | D        | Found a glowing silver altar of Zin.
    49 | D        | Found a basalt altar of Yredelemnul.
    49 | D        | Found a shimmering altar of Xom.
    49 | D        | Found an ornate altar of the Wu Jian Council.
    49 | D        | Found a sacrificial altar of Ru.
    49 | D        | Found a stormy altar of Qazlal.
    49 | D        | Found an iron altar of Okawaru.
    49 | D        | Found a sparkling altar of Nemelex Xobeh.
    49 | D        | Found a burning altar of Makhleb.
    49 | D        | Found a blossoming altar of Fedhas.
    49 | D        | Found a white marble altar of Elyvilon.
    49 | D        | Found a shadowy altar of Dithmenos.
    49 | D        | Found a snail-covered altar of Cheibriados.
    50 | D        | Found a radiant altar of Vehumet.
    50 | D        | Found a corrupted altar of Lugonu.
    51 | D        | Found a hide-covered altar of Uskayaw.
    51 | D        | Found an ancient bone altar of Kikubaaqudgha.
    51 | D        | Found a broken altar of Ashenzari.
    66 | D        | Became a worshipper of Sif Muna the Loreminder
    74 | D        | Noticed a floating eye
    75 | D        | Killed a floating eye
    76 | D        | Reached skill level 5 in Short Blades
    76 | D        | Reached skill level 5 in Dodging
    76 | D        | Reached skill level 9 in Stealth
    76 | D        | Reached XP level 5. HP: 27/27 MP: 12/15
    86 | D        | Reached * piety under Sif Muna
   128 | D        | Reached ** piety under Sif Muna
   134 | D        | Learned a level 2 spell: Ensorcelled Hibernation
   138 | D        | Learned a level 3 spell: Confusing Touch
   440 | D        | Reached skill level 10 in Stealth
   440 | D        | Reached XP level 6. HP: 32/32 MP: 13/17
   442 | D        | Reached *** piety under Sif Muna
   471 | D        | Reached skill level 11 in Stealth
   473 | D        | Reached **** piety under Sif Muna
   721 | D        | Noticed a flying skull
   723 | D        | Killed a flying skull
   723 | D        | Reached ***** piety under Sif Muna
   724 | D        | Reached XP level 7. HP: 37/37 MP: 18/20
   728 | D        | Learned a level 3 spell: Dazzling Flash
   730 | D        | Received a gift from Sif Muna
   737 | D        | Learned a level 2 spell: Blink
   759 | D        | Noticed a cyclops
   759 | D        | Noticed an orc knight
   914 | D        | Reached skill level 12 in Stealth
   945 | D        | Mangled by an orc knight

Illustrated notes

Levels and vault maps discovered:
D:        pitsprint [storerooms_1, entrance_room_1, metal_vault_6, armoury_3,
          mini_pit_1, grid_room_1, main_hall_1, silver_pit, the_coven_3,
          the_vestibule_1, steel_vault_4, golden_pit, hallway_of_sentries,
          crystal_vault_4, iron_vault_3, final_vault]

Skill      XL: |  1  2  3  4  5  6  7 |
---------------+----------------------+-----
Fighting       | 2 3 4 |  4.2
Short Blades   | 4 5 6 7 8 |  8.3
Dodging        | 4 5 7 |  7.4
Stealth        | 7 9 10 11 12 | 12.4
Spellcasting   | 5 6 7 9 |  9.5
Hexes          | 5 7 9 |  9.8

Action                     |  1- 3 |  4- 6 |  7- 9 || total
---------------------------+-------+-------+-------++-------
  Melee: Dagger            |     7 |    61 |    38 ||   106
   Cast: Ensorcelled Hiber |       |     9 |     5 ||    14
         Confusing Touch   |       |     7 |     3 ||    10
    Use: Potion            |       |     2 |     1 ||     3
   Stab: Sleeping          |       |    10 |     3 ||    13
         Confused          |       |     6 |     2 ||     8
 Armour: Robe              |       |     1 |       ||     1
  Dodge: Dodged            |       |    38 |    10 ||    48
